 Dungeon Crawl Stone Soup version 0.28.0-53-g5a82cb258f (webtiles) character file.

Game seed: 3068224814590639979

53 croobank the Chiller (level 4, 0/30 HPs)
             Began as a Human Ice Elementalist on June 17, 2022.
             Was a Plaything of Xom.
             Succumbed to a gnoll's poison
             ... on level 2 of the Dungeon.
             The game lasted 00:04:16 (1601 turns).

croobank the Chiller (Human Ice Elementalist)       Turns: 1601, Time: 00:04:16

Health: 0/30       AC:  2    Str:  9    XL:     4   Next: 11%
Magic:  7/7        EV: 12    Int: 17    God:    Xom [..*...]
Gold:   54         SH:  0    Dex: 13    Spells: 7/8 levels left

rFire   . . .      SeeInvis .   d - +0 hand axe (elec)
rCold   . . .      Faith    .   (no shield)
rNeg    . . .      Spirit   .   a - +0 robe
rPois   .          Reflect  .   (no helmet)
rElec   .          Harm     .   (no cloak)
rCorr   .          Rampage  .   (no gloves)
Will    .....                   (no boots)
Stlth   ++........              (no amulet)
HPRegen 0.10/turn               (no ring)
MPRegen 0.10/turn               (no ring)

@: lethally poisoned (0 -> -9)
A: no striking features
a: Renounce Religion


You were on level 2 of the Dungeon.
You worshipped Xom.
You were a toy of Xom.
You visited 1 branch of the dungeon, and saw 2 of its levels.

You collected 54 gold pieces.

Inventory:

Hand Weapons
 b - a +0 short sword
 d - a +0 hand axe of electrocution (weapon)
 e - a +0 dagger
Armour
 a - a +0 robe (worn)


   Skills:
 + Level 2.6 Dodging
 + Level 2.7 Stealth
 + Level 2.5 Spellcasting
 + Level 4.3 Ice Magic


You had 7 spell levels left.
You knew the following spells:

 Your Spells              Type           Power      Damage    Failure   Level
a - Freeze                Ice            68%        1d8       3%          1

Your spell library contained the following spells:

 Spells                   Type           Power      Damage    Failure   Level
 Frozen Ramparts          Ice            34%        1d5       9%          3
 Ozocubu's Armour         Ice            17%        N/A       9%          3
 Gell's Gravitas          Tloc           2%         N/A       50%         3
 Teleport Other           Tloc           2%         N/A       50%         3
 Hailstorm                Conj/Ice       9%         3d4       58%         4
 Dispersal                Tloc           1%         N/A       100%        6


Dungeon Overview and Level Annotations

Branches:
Dungeon (2/15)

Altars:
Ru
Xom


Message History

Found a sacrificial altar of Ru. 3 gnolls come into view.
A gnoll is wielding a +1 spear of venom.
Found a scale mail.
You see here a There-And-Back Book.
You pick up a There-And-Back Book and begin reading...
You add the spells Gell's Gravitas, Teleport Other and Dispersal to your library.
The gnoll shouts! x3
You hear a shout!
The gnoll barely misses you.
A gnoll comes into view. It is wielding a +0 halberd.
The gnoll barely misses you.
The gnoll hits you from afar with a +0 spear!
The gnoll misses you.
Things that are here:
a +0 robe; a +0 dagger The gnoll hits you from afar with a +1 spear of venom.
The gnoll misses you.
There is a stone staircase leading up here.
The gnoll barely misses you. x2
You see here a frilled lizard corpse.
The gnoll barely misses you.
As you read the scroll labelled RUALEOL FOKUGG, it crumbles to dust.
The scroll dissolves into smoke.
It was a scroll of fog.
Xom is amused.
The gnoll hits you with a +0 spear.
The gnoll hits you from afar with a +0 spear.
You hit the gnoll.
The gnoll is lightly wounded.
The gnoll closely misses you. x2
You hit the gnoll.
The gnoll is moderately wounded.
The gnoll hits you from afar with a +1 spear of venom.
You are lethally poisoned!
The gnoll hits you with a +0 spear.
* * * LOW HITPOINT WARNING * * *
* * * LOW HITPOINT WARNING * * *
You feel very sick.
You die...
Xom is highly amused!

#..#.##.#### ##..#.##....# #
######...#.#####.# #
#.......##.#.....# #
#.#.g.g....#.##..#######
#####.#...#g####.#...#.....#
#...#.#[g<#.# #§#..##.#.#.#
#.#.#...###.####§#.....#.#.#
..........)ggg§§@§§.....>#.##
#.......########§§§....#.#..#
#######.# ####.##.#.#..# ####
#.# #.##.#.#..# ...# #.#
####.##.#.##.# #g..# #.#
#.....#...##.# .g...##.#
#.##########.# .....##.
#..........#.# .._..#
#..#######.#.#


There were no monsters in sight!

Vanquished Creatures
  Jessica (D:2)
  A dart slug (D:1)
  3 bats (D:1)
  4 endoplasms
  A goblin (D:1)
  3 jackals (D:1)
  4 kobolds
  2 ball pythons (D:1)
  4 frilled lizards
  2 rats (D:1)
25 creatures vanquished.

Notes
Turn   | Place    | Note
-------+----------+-------------------------------------------
     0 | D:1      | croobank the Human Ice Elementalist began the quest for the
                  | Orb.
     0 | D:1      | Reached XP level 1. HP: 13/13 MP: 3/3
   350 | D:1      | Found a faded altar of an unknown god.
   386 | D:1      | Reached XP level 2. HP: 16/19 MP: 0/5
   935 | D:1      | Reached XP level 3. HP: 24/24 MP: 4/6
  1363 | D:2      | Noticed Jessica
  1366 | D:2      | Killed Jessica
  1367 | D:2      | Reached XP level 4. HP: 30/30 MP: 4/7
  1386 | D:1      | Prayed at the altar of an unknown god.
  1386 | D:1      | Became a worshipper of Xom of Chaos
  1561 | D:2      | Found a sacrificial altar of Ru.
  1601 | D:2      | Succumbed to a gnoll's poison

Illustrated notes

Levels and vault maps discovered:
D:1:      mrwooster_arrival_statue, layout_loops_ring,
          hellmonk_ecumenical_altar_arch_garden, hangedman_decor_slide_cut
D:2:      layout_basic, basic_altar, uniq_jessica

Action                   |  1- 3 |  4- 6 || total
-------------------------+-------+-------++-------
Melee: Unarmed           |     5 |       ||     5
       Short sword       |     7 |       ||     7
       Hand axe          |     6 |     4 ||    10
       Punch             |     1 |       ||     1
 Cast: Freeze            |    27 |     2 ||    29
  Use: Scroll            |       |     1 ||     1
 Stab: Sleeping          |     1 |     1 ||     2
Armor: Robe              |     5 |       ||     5
Dodge: Dodged            |    29 |     9 ||    38
